 Dungeon Crawl Stone Soup version 0.29.0-4-gdea44cf6ec (webtiles) character file.

Game seed: 2658350620895609295

43 qw the Chopper (level 3, 0/29 HPs)
             Began as a Barachi Chaos Knight on Sept 5, 2022.
             Slain by Natasha (7 damage)
             ... on level 2 of the Dungeon.
             The game lasted 00:00:41 (1343 turns).

qw the Chopper (Barachi Chaos Knight)               Turns: 1343, Time: 00:00:42

Health: 0/29       AC:  5    Str: 15      XL:     3   Next: 58%
Magic:  3/3        EV: 11    Int: 12      God:
Gold:   29         SH:  0    Dex:  9 (11) Spells: 2/2 levels left

rFire   . . .      SeeInvis .   Y - +0 hand axe (chaos)
rCold   . . .      Faith    .   (no shield)
rNeg    . . .      Spirit   .   b - +2 leather armour
rPois   .          Reflect  .   (no helmet)
rElec   .          Harm     .   (no cloak)
rCorr   .          Rampage  .   (no gloves)
Will    .....                   (no boots)
Stlth   +.........              (no amulet)
HPRegen 0.09/turn               (no ring)
MPRegen 0.08/turn               (no ring)

@: slow
A: amphibious, slowness 1, strong legs 1, +LOS
a: Hop


You were on level 2 of the Dungeon.
You visited 1 branch of the dungeon, and saw 2 of its levels.

You collected 29 gold pieces.


Innate Abilities, Weirdness & Mutations

You are amphibious.
You cover ground slowly.
You can hop short distances.
You have an extended range of vision and can be seen from far away.


   Skills:
 - Level 3.6 Fighting
 + Level 4.9 Axes
 - Level 2.4 Armour
 - Level 1.1 Dodging


You had 2 spell levels left.
You didn't know any spells.
Your spell library was empty.

Inventory:

Hand Weapons
 l - a +0 mace
 Y - a +0 hand axe of chaos (weapon)
Armour
 b - a +2 leather armour (worn)
Scrolls
 f - a scroll of magic mapping {unknown}
Potions
 a - a potion of magic {unknown}
 d - a potion of cancellation {unknown}
 e - a potion of curing {unknown}
 g - a potion of brilliance {unknown}
 h - a potion of lignification {unknown}
 j - a potion of might {unknown}
Miscellaneous
 c - a piece from Xom's chessboard (15/15)

Dungeon Overview and Level Annotations

Branches:
Dungeon (2/15)

Altars:

Annotations:
D:2 Natasha


Message History

You kill the hobgoblin!
f - a scroll labelled BOSSUI PAACZU
g - a purple potion
Found a stone staircase leading down.
There is a stone staircase leading down here.
Natasha, Servant of Life and Death comes into view.
Natasha hisses angrily.
Enter note:
1331 ||| Stepping ~*~*~tactically~*~*~ (hiding).
You start waiting.
Natasha is nearby!
Natasha casts a spell at you. You resist with significant effort.
You hit Natasha.
Natasha's magic leaks into the air.
Natasha is moderately wounded.
Natasha closely misses you.
You barely miss Natasha.
Natasha is moderately wounded.
Natasha claws you.
You closely miss Natasha.
Natasha is moderately wounded.
Natasha mumbles some strange words.
You hit Natasha but do no damage.
Space warps around Natasha.
Natasha is heavily wounded.
Natasha misses you.
You hit Natasha. You freeze Natasha.
Natasha is almost dead.
Natasha stares at you and mumbles some strange words.
The magic dart hits you! Natasha claws you!
You closely miss Natasha.
Natasha is almost dead.
Natasha casts a spell.
You closely miss Natasha.
Natasha is almost dead.
Natasha claws you but does no damage.
You hit Natasha.
Natasha's magic leaks into the air.
Natasha is almost dead.
Natasha claws you!
You die...
Xom bursts into laughter!

#...# #..#.# #...#
#....#
#######...###..#.#
...............#.#
##.####.####..#.#
#.# #.##.# #.#
####.# #.# #.# #@#
#.#
.....55h.........#
###.#############


You could see 2 iron imps and Natasha (magic disrupted).

Vanquished Creatures
  An adder (D:2)
  2 dart slugs (D:1)
  2 bats (D:1)
  2 endoplasms (D:1)
  2 giant cockroaches (D:1)
  A goblin (D:1)
  5 hobgoblins
  A quokka (D:1)
  4 ball pythons (D:1)
  3 frilled lizards
  4 kobolds
  2 rats (D:1)
29 creatures vanquished.

Vanquished Creatures (collateral kills)
  A goblin (D:1)
1 creature vanquished.

Vanquished Creatures (others)
  A frilled lizard zombie (D:1)
1 creature vanquished.

Grand Total: 31 creatures vanquished

Notes
Turn   | Place    | Note
-------+----------+-------------------------------------------
     0 | D:1      | qw the Barachi Chaos Knight began the quest for the Orb.
     0 | D:1      | Reached XP level 1. HP: 18/18 MP: 1/1
     0 | D:1      | 0 ||| qw: Version: 0.1-a-104-g96f76f8
     0 | D:1      | 0 ||| qw: Game counter: 5982
     0 | D:1      | 0 ||| qw: Always use a shield: true
     0 | D:1      | 0 ||| qw: God list: Okawaru
     0 | D:1      | 0 ||| qw: Allow faded altars: false
     0 | D:1      | 0 ||| qw: Do Orc after D:15 true
     0 | D:1      | 0 ||| qw: Do second Lair branch before Depths: true
     0 | D:1      | 0 ||| qw: Lair rune preference: random
     0 | D:1      | 0 ||| qw: Plans: Normal
     0 | D:1      | 0 ||| PLANNING D:1-11
     0 | D:1      | Fell from the grace of Xom
   221 | D:1      | 221 ||| Stepping ~*~*~tactically~*~*~ (stealth).
   227 | D:1      | Reached XP level 2. HP: 24/24 MP: 2/2
   231 | D:1      | 231 ||| Stepping ~*~*~tactically~*~*~ (stealth).
   232 | D:1      | 232 ||| Stepping ~*~*~tactically~*~*~ (stealth).
   258 | D:1      | Reached skill level 4 in Axes
   362 | D:1      | XOM: stat loss: -3 Dex (8/11)
   595 | D:1      | 595 ||| DROPPING +0 club.
   676 | D:1      | Reached XP level 3. HP: 29/29 MP: 3/3
   806 | D:1      | Found a faded altar of an unknown god.
   993 | D:1      | 993 ||| DROPPING +1 robe of the Archmagi.
   994 | D:1      | 994 ||| READING scroll labelled ICITYA SAEWYI.
   995 | D:1      | 995 ||| READING scroll labelled RUZOHADIBB.
   999 | D:1      | 999 ||| DRINKING 2 fizzy pink potions.
  1000 | D:1      | 1000 ||| DRINKING 2 fuming amethyst potions.
  1001 | D:1      | 1001 ||| DROPPING potion of invisibility.
  1189 | D:2      | 1189 ||| Stepping ~*~*~tactically~*~*~ (stealth).
  1192 | D:2      | 1192 ||| Stepping ~*~*~tactically~*~*~ (stealth).
  1193 | D:2      | 1193 ||| Stepping ~*~*~tactically~*~*~ (stealth).
  1194 | D:2      | 1194 ||| Stepping ~*~*~tactically~*~*~ (stealth).
  1215 | D:2      | HP: 6/29 [poisoned by an adder]
  1216 | D:2      | 1216 ||| DRINKING potion of heal wounds.
  1330 | D:2      | Noticed Natasha
  1331 | D:2      | 1331 ||| Stepping ~*~*~tactically~*~*~ (hiding).
  1340 | D:2      | HP: 7/29 [Natasha (7)]
  1343 | D:2      | Slain by Natasha

Levels and vault maps discovered:
D:1:      co_arrival_random_square_maze, layout_basic,
          dreamdust_ecumenical_altar_statues, minmay_hexomino_f4
D:2:      layout_basic, uniq_natasha

Skill      XL: |  1  2 |
---------------+-------+-----
Axes           | 4 |  4.9
Fighting       | |  3.6
Armour         | |  2.4
Dodging        | |  1.1

Action                   || total
-------------------------++-------
Melee: Hand axe          ||   118
       Punch             ||     2
Invok: Renounce Religion ||     1
  Use: Potion            ||     3
       Scroll            ||     2
Armor: Leather armour    ||    50
Dodge: Dodged            ||    67

Table legend:
 A = Non-vault XP
 B = Vault XP
 C = Vault XP percentage of total XP
 D = Non-vault monster count
 E = Vault monster count
 F = Vault count percentage of total count
                 A         B        C        D         E       F
            +---------+---------+-------+---------+---------+-------
      Total |      53 |       9 |  14.5 |      26 |       4 |  13.3
            +---------+---------+-------+---------+---------+-------
        D:1 |      33 |       9 |  21.4 |      20 |       4 |  16.7
        D:2 |      20 |       0 |   0.0 |       6 |       0 |   0.0
            +---------+---------+-------+---------+---------+-------
